AoeStats
← Jimbo990

Arena

519624192Analyzed
4v4 RM · 8d ago on Nov 8, 2026· 35m 17s· 8 players
Game mode
Random Map
Map size
Large (8 player)
Population
200
Speed
Normal
Resources
Standard
Victory
Conquest
Starting age
Dark Age
Ending age
Imperial Age
RankedLock teamsTeams togetherTeam positionsShared explorationLock speedFull tech treeHidden civsTurbo modeCheats
Victory
Defeat
🇨🇱 Turks · Chile
626
+8
🇬🇧 Portuguese · United Kingdom
600
+8
🇧🇷 Persians · Brazil
596
+9
🇺🇸 Aztecs · United States
577
+8
vs
🇫🇷 Italians · France
455
-9
🇷🇺 Varangians · Russia
419
-8
🇬🇧 Burmese · United Kingdom
408
-8
🇨🇳 Portuguese · China
404
-8
乔巴
0:39 Loom
15:06 Feudal Age
16:49 Wheelbarrow
24:32 Castle Age
25:01 Gold Mining
25:05 Double-Bit Axe
31:16 Imperial Age
28:47 Horse Collar
30:06 Bow Saw
Light
Hurkano
0:41 Loom
13:24 Feudal Age
14:54 Horse Collar
16:29 Double-Bit Axe
18:30 Wheelbarrow
18:10 Gold Mining
18:46 Stone Mining
23:41 Castle Age
23:09 Padded Archer Armor
22:59 Fletching
25:02 Hand Cart
25:01 Bow Saw
27:18 Leather Archer Armor
29:32 Elite Skirmisher
30:17 Thumb Ring
29:35 Pikeman
30:14 Bodkin Arrow
30:20 Scale Mail Armor
30:31 Forging
30:27 Scale Barding Armor
30:41 Heavy Plow
direoa01
0:36 Loom
15:24 Feudal Age
19:55 Wheelbarrow
19:23 Stone Mining
19:23 Horse Collar
26:27 Castle Age
25:01 Arson
24:37 Man-at-Arms
25:30 Gold Mining
26:38 Forging
26:28 Scale Mail Armor
26:23 Fletching
26:34 Padded Archer Armor
27:10 Scale Barding Armor
26:31 Elite Skirmisher
27:39 Heavy Plow
29:15 Hand Cart
33:33 Husbandry
33:46 Bloodlines
Cuauhocelotl831
1:10 Loom
13:37 Feudal Age
17:48 Feudal Age
20:01 Wheelbarrow
19:52 Double-Bit Axe
22:13 Castle Age
20:25 Horse Collar
21:52 Stone Mining
23:51 Hand Cart
26:37 Bow Saw
29:13 Town Watch
31:26 Town Patrol
33:08 Caravan
37:49 Imperial Age
pagerbon
8:31 Loom
11:37 Feudal Age
12:02 Double-Bit Axe
11:58 Horse Collar
12:09 Gold Mining
12:12 Stone Mining
13:07 Wheelbarrow
12:51 Town Watch
21:47 Castle Age
20:21 Forging
20:12 Scale Mail Armor
20:32 Scale Mail Armor
20:50 Fletching
21:40 Arson
22:32 Bow Saw
22:27 Elite Skirmisher
23:58 Squires
26:39 Heavy Plow
29:58 Padded Archer Armor
30:56 Hand Cart
31:07 Town Patrol
31:04 Pikeman
36:38 Imperial Age
34:48 Scale Barding Armor
35:19 Iron Casting
35:25 Iron Casting
35:05 Chain Mail Armor
34:55 Scale Barding Armor
35:06 Leather Archer Armor
34:46 Bodkin Arrow
35:42 Bodkin Arrow
Jimbo990
10:25 Feudal Age
9:28 Loom
11:43 Double-Bit Axe
19:22 Castle Age
17:34 Horse Collar
25:30 Town Watch
32:19 Imperial Age
31:54 Caravan
32:09 Murder Holes
32:24 Fortified Wall
32:17 Town Patrol
32:32 Forging
32:13 Fletching
32:24 Scale Mail Armor
32:29 Scale Barding Armor
36:29 Chemistry
Nick
16:43 Feudal Age
20:39 Castle Age
20:48 Double-Bit Axe
20:46 Horse Collar
25:26 Imperial Age
28:51 Gold Mining
Connection lost

Rejoining the realm…

Still unreachable

The connection could not be restored.

Session expired

The server has moved on; the page needs a fresh start.